MapleLeafs vs Lightning

Created - February 15 2012 at 17:15

Goals
1 2 3 T
MapleLeafs 1 1 0 2
Lightning 2 1 0 3
Shots
1 2 3 T
MapleLeafs 6 6 9 21
Lightning 11 12 8 31

Period #1

1. Lightning , Patrick Kane 33 (Martin St. Louis, Brent Seabrook) at 0:12
2. Lightning , Patrick Sharp 27 (Martin Havlat, Paul Stastny) at 6:23 (PP)
3. MapleLeafs , Kyle Cumiskey 3 (Kris Versteeg, Matt Greene) at 17:49 (PP)

Penalties :
John Erskine (TBL) for Hooking (Minor) at 1:53, Shawn Thornton (TOR) for Tripping (Minor) at 6:03, Greg Zanon (TOR) for Slashing (Minor) at 10:23, Martin St. Louis (TBL) for Boarding (Minor) at 16:43, Greg Zanon (TOR) for Diving (Minor) at 19:35

Period #2

4. Lightning , Marcel Goc 7 (Teddy Purcell, Nick Spaling) at 9:34
5. MapleLeafs , Vincent Lecavalier 19 (Drew Doughty, Evgeni Malkin) at 15:27

Penalties :
Drew Doughty (TOR) for Slashing (Minor) at 15:40

Period #3

No Goal

Penalties :
Shawn Thornton (TOR) for High sticking (Minor) at 6:52, Shawn Thornton (TOR) for Interference (Minor) at 13:27

Goalie Stats

Mark Dekanich (TOR), 28 saves from 31 shots - (0.903), L, 5-7-1, 59:58 minutes
Brian Boucher (TBL), 19 saves from 21 shots - (0.905), W, 6-7-3, 60:00 minutes

Players Stats

MapleLeafs
Player Name              G  A  P  +/- PIM S  H  SB FO    MP 
------------------------------------------------------------
Adam Hall                0  0  0   0  0   0  0  0  1/1   8  
Andrew Alberts           0  0  0   0  0   0  1  0  0/0   18 
D.J. King                0  0  0   0  0   0  1  0  0/0   4  
Drew Doughty             0  1  1   0  2   1  2  1  0/0   22 
Evgeni Malkin            0  1  1   0  0   2  1  0  3/3   18 
Greg Zanon               0  0  0   0  4   1  2  0  0/0   19 
Jay Harrison             0  0  0   0  0   2  1  0  0/0   16 
Joel Perrault            0  0  0   0  0   0  0  0  2/6   4  
Jordin Tootoo            0  0  0  -1  0   3  3  0  0/1   16 
Kris Versteeg            0  1  1  -1  0   2  0  1  0/2   21 
Kyle Cumiskey            1  0  1  -1  0   1  0  2  0/0   21 
Matt Greene              0  1  1  -1  0   0  4  1  0/0   21 
Mike Fisher              0  0  0  -1  0   1  2  0  4/14  18 
Mike Grier               0  0  0   0  0   0  0  0  2/3   16 
Patrick Marleau          0  0  0   0  0   2  1  0  3/5   18 
Shawn Thornton           0  0  0   0  6   2  2  0  0/0   16 
Vernon Fiddler           0  0  0   0  0   1  0  2  9/16  16 
Vincent Lecavalier       1  0  1   0  0   3  1  1  9/15  18 
Lightning
Player Name              G  A  P  +/- PIM S  H  SB FO    MP 
------------------------------------------------------------
Andrej Meszaros          0  0  0   0  0   1  0  3  0/0   11 
Andy Sutton              0  0  0   1  0   0  3  2  0/0   15 
Barret Jackman           0  0  0   1  0   0  0  1  0/0   15 
Brent Seabrook           0  1  1   1  0   1  2  1  0/0   16 
John Erskine             0  0  0   1  2   0  2  0  0/0   14 
Josh Gorges              0  0  0  -1  0   1  0  3  0/0   18 
Marcel Goc               1  0  1   1  0   2  1  1  6/13  14 
Marek Zidlicky           0  0  0  -1  0   2  1  2  0/0   20 
Martin Havlat            0  1  1  -1  0   2  0  0  1/1   20 
Martin St. Louis         0  1  1   1  2   1  1  0  0/2   21 
Nick Spaling             0  1  1   1  0   2  1  0  0/1   16 
Patrick Kane             1  0  1   1  0   6  0  0  0/0   20 
Patrick Sharp            1  0  1  -1  0   6  0  0  0/1   21 
Paul Stastny             0  1  1  -1  0   3  2  0  10/17 20 
R.J. Umberger            0  0  0   0  0   0  0  0  6/14  11 
Teddy Purcell            0  1  1   1  0   1  0  0  0/1   16 
Tim Gleason              0  0  0   0  0   0  0  0  0/0   12 
Tomas Plekanec           0  0  0   1  0   3  1  0  10/16 16 

3 Stars

1 - Marcel Goc (TBL)
2 - Patrick Kane (TBL)
3 - Vincent Lecavalier (TOR)

Power Play

MapleLeafs - 1 on 2 Attempt(s) - 50.00%
Lightning - 1 on 6 Attempt(s) - 16.67%

Penalty Kill

MapleLeafs - 5 on 6 Attempt(s) - 83.33% - Score 0 goal in Penalty Kill
Lightning - 1 on 2 Attempt(s) - 50.00% - Score 0 goal in Penalty Kill

Game Notes

No Game Note

Finance

Level 1 -- Attendance: 3726 (57.32%) -- Ticket Income $465,750.00
Level 2 -- Attendance: 2841 (56.82%) -- Ticket Income $198,870.00
Level 3 -- Attendance: 2243 (64.09%) -- Ticket Income $94,206.00
Level 4 -- Attendance: 1337 (35.58%) -- Ticket Income $40,110.00
Luxury Box -- Attendance: 571 (57.10%) -- Ticket Income $142,750.00
Game was played at the St.Pete Times Forum
Total Attendance: 10718 (54.25%)
Total Ticket Income: $1,017,112.00
Other Income: $221,433.90
Total Income: $1,238,546.00


Play by Play

Period #1

0:01 of 1st period - Vincent Lecavalier wins face-off versus Martin St. Louis in neutral zone.
0:12 of 1st period - Shot by Patrick Kane.
0:12 of 1st period - Goal by Patrick Kane - MapleLeafs : 0 - Lightning : 1.
0:13 of 1st period - Paul Stastny wins face-off versus Mike Fisher in neutral zone.
0:40 of 1st period - Shot by Kyle Cumiskey.
0:40 of 1st period - Shot Blocked by Josh Gorges.
1:50 of 1st period - Shot by Evgeni Malkin.
1:50 of 1st period - Shot Blocked by Brent Seabrook.
1:52 of 1st period - Shot by Greg Zanon.
1:52 of 1st period - Stopped by Brian Boucher without a rebound.
1:53 of 1st period - Vernon Fiddler wins face-off versus Nick Spaling in Lightning zone.
1:53 of 1st period - Minor Penalty to John Erskine for Hooking.
1:54 of 1st period - Vincent Lecavalier wins face-off versus R.J. Umberger in Lightning zone.
2:42 of 1st period - Shot by Kris Versteeg.
2:42 of 1st period - Stopped by Brian Boucher without a rebound.
2:43 of 1st period - Adam Hall wins face-off versus R.J. Umberger in Lightning zone.
2:46 of 1st period - Shot by Drew Doughty.
2:46 of 1st period - Stopped by Brian Boucher without a rebound.
2:47 of 1st period - Mike Fisher wins face-off versus R.J. Umberger in Lightning zone.
3:13 of 1st period - Icing by Kris Versteeg.
3:14 of 1st period - Tomas Plekanec wins face-off versus Mike Fisher in MapleLeafs zone.
4:25 of 1st period - Icing by Barret Jackman.
4:26 of 1st period - Marcel Goc wins face-off versus Vincent Lecavalier in Lightning zone.
4:26 of 1st period - Marcel Goc is hit by Evgeni Malkin.
4:57 of 1st period - Shot by Paul Stastny.
4:57 of 1st period - Stopped by Mark Dekanich with a rebound.
5:01 of 1st period - Shot by Patrick Sharp.
5:01 of 1st period - Shot Misses the Net.
5:03 of 1st period - Shot by Patrick Sharp.
5:03 of 1st period - Shot Misses the Net.
5:05 of 1st period - Shot by Josh Gorges.
5:05 of 1st period - Stopped by Mark Dekanich with a rebound.
5:07 of 1st period - Shot by Paul Stastny.
5:07 of 1st period - Shot Blocked by Drew Doughty.
5:09 of 1st period - Shot by Josh Gorges.
5:09 of 1st period - Shot Misses the Net.
5:18 of 1st period - Martin Havlat is hit by Greg Zanon.
5:25 of 1st period - Icing by Patrick Marleau.
5:26 of 1st period - Tomas Plekanec wins face-off versus Vincent Lecavalier in MapleLeafs zone.
5:33 of 1st period - Shot by Brent Seabrook.
5:33 of 1st period - Stopped by Mark Dekanich with a rebound.
6:03 of 1st period - Minor Penalty to Shawn Thornton for Tripping.
6:04 of 1st period - Paul Stastny wins face-off versus Mike Fisher in MapleLeafs zone.
6:23 of 1st period - Shot by Patrick Sharp.
6:23 of 1st period - Goal by Patrick Sharp - MapleLeafs : 0 - Lightning : 2.
6:24 of 1st period - Marcel Goc wins face-off versus Vernon Fiddler in neutral zone.
6:48 of 1st period - Icing by Mike Grier.
6:49 of 1st period - R.J. Umberger wins face-off versus Vernon Fiddler in MapleLeafs zone.
6:49 of 1st period - R.J. Umberger is hit by Jay Harrison.
6:53 of 1st period - Shot by Patrick Kane.
6:53 of 1st period - Stopped by Mark Dekanich without a rebound.
6:54 of 1st period - R.J. Umberger wins face-off versus Mike Fisher in MapleLeafs zone.
7:03 of 1st period - Icing by Matt Greene.
7:04 of 1st period - Mike Fisher wins face-off versus Paul Stastny in MapleLeafs zone.
7:08 of 1st period - Off-side.
7:09 of 1st period - Marcel Goc wins face-off versus Joel Perrault in neutral zone.
7:09 of 1st period - Teddy Purcell is hit by D.J. King and loses puck.
7:22 of 1st period - Shot by Marcel Goc.
7:22 of 1st period - Shot Misses the Net.
7:31 of 1st period - Icing by Greg Zanon.
7:32 of 1st period - Martin Havlat wins face-off versus Joel Perrault in MapleLeafs zone.
7:39 of 1st period - Shot by Martin Havlat.
7:39 of 1st period - Deflect By Patrick Sharp.
7:39 of 1st period - Stopped by Mark Dekanich with a rebound.
8:03 of 1st period - Shot by Martin Havlat.
8:03 of 1st period - Shot Misses the Net.
8:05 of 1st period - Shot by Martin Havlat.
8:05 of 1st period - Deflect By Paul Stastny.
8:05 of 1st period - Shot Misses the Net.
8:31 of 1st period - Josh Gorges is hit by Mike Fisher and loses puck.
9:18 of 1st period - Shot by Jay Harrison.
9:18 of 1st period - Shot Blocked by Marek Zidlicky.
10:19 of 1st period - Tomas Plekanec is hit by Drew Doughty and loses puck.
10:23 of 1st period - Minor Penalty to Greg Zanon for Slashing.
10:24 of 1st period - Tomas Plekanec wins face-off versus Kris Versteeg in MapleLeafs zone.
12:31 of 1st period - Andrew Alberts is hit by John Erskine and loses puck.
13:11 of 1st period - Shot by Martin St. Louis.
13:11 of 1st period - Shot Blocked by Vernon Fiddler.
13:28 of 1st period - Icing by Andrew Alberts.
13:29 of 1st period - Vernon Fiddler wins face-off versus Tomas Plekanec in MapleLeafs zone.
14:10 of 1st period - Icing by Jay Harrison.
14:11 of 1st period - Vernon Fiddler wins face-off versus R.J. Umberger in MapleLeafs zone.
14:30 of 1st period - Shot by Jordin Tootoo.
14:30 of 1st period - Stopped by Brian Boucher with a rebound.
15:02 of 1st period - Shot by Patrick Sharp.
15:02 of 1st period - Shot Misses the Net.
15:04 of 1st period - Shot by Paul Stastny.
15:04 of 1st period - Shot Blocked by Kris Versteeg.
15:06 of 1st period - Shot by Patrick Sharp.
15:06 of 1st period - Shot Misses the Net.
15:08 of 1st period - Shot by Paul Stastny.
15:08 of 1st period - Stopped by Mark Dekanich without a rebound.
15:09 of 1st period - Vincent Lecavalier wins face-off versus Marcel Goc in MapleLeafs zone.
16:10 of 1st period - Shot by Marek Zidlicky.
16:10 of 1st period - Shot Misses the Net.
16:12 of 1st period - Shot by Marek Zidlicky.
16:12 of 1st period - Shot Misses the Net.
16:43 of 1st period - Minor Penalty to Martin St. Louis for Boarding.
16:44 of 1st period - Vincent Lecavalier wins face-off versus R.J. Umberger in Lightning zone.
16:51 of 1st period - Shot by Patrick Marleau.
16:51 of 1st period - Deflect By Vincent Lecavalier.
16:51 of 1st period - Shot Blocked by Andrej Meszaros.
17:02 of 1st period - Drew Doughty is hit by Brent Seabrook and loses puck.
17:41 of 1st period - Shot by Kris Versteeg.
17:41 of 1st period - Shot Misses the Net.
17:43 of 1st period - Shot by Jordin Tootoo.
17:43 of 1st period - Stopped by Brian Boucher with a rebound.
17:47 of 1st period - Shot by Kris Versteeg.
17:47 of 1st period - Shot Misses the Net.
17:49 of 1st period - Shot by Kyle Cumiskey.
17:49 of 1st period - Goal by Kyle Cumiskey - MapleLeafs : 1 - Lightning : 2.
17:50 of 1st period - Vernon Fiddler wins face-off versus Marcel Goc in neutral zone.
18:49 of 1st period - Shot by Tomas Plekanec.
18:49 of 1st period - Stopped by Mark Dekanich without a rebound.
18:50 of 1st period - Paul Stastny wins face-off versus Kris Versteeg in MapleLeafs zone.
18:51 of 1st period - Shot by Patrick Sharp.
18:51 of 1st period - Shot Misses the Net.
19:17 of 1st period - Martin Havlat is hit by Matt Greene and loses puck.
19:35 of 1st period - Minor Penalty to Greg Zanon for Diving.
19:36 of 1st period - Tomas Plekanec wins face-off versus Vincent Lecavalier in MapleLeafs zone.
19:37 of 1st period - Shot by Martin St. Louis.
19:37 of 1st period - Shot Misses the Net.
19:39 of 1st period - Shot by Marek Zidlicky.
19:39 of 1st period - Stopped by Mark Dekanich without a rebound.
19:40 of 1st period - Patrick Marleau wins face-off versus Tomas Plekanec in MapleLeafs zone.
19:55 of 1st period - Shot by Martin St. Louis.
19:55 of 1st period - Shot Blocked by Vincent Lecavalier.
19:57 of 1st period - Shot by Marek Zidlicky.
19:57 of 1st period - Stopped by Mark Dekanich with a rebound.
19:59 of 1st period - Shot by Brent Seabrook.
19:59 of 1st period - Shot Misses the Net.

Period #2

0:01 of 2nd period - Tomas Plekanec wins face-off versus Patrick Marleau in neutral zone.
0:29 of 2nd period - Tomas Plekanec is hit by Matt Greene and loses puck.
3:00 of 2nd period - Icing by Jay Harrison.
3:01 of 2nd period - Vernon Fiddler wins face-off versus Paul Stastny in MapleLeafs zone.
3:28 of 2nd period - Shot by Mike Fisher.
3:28 of 2nd period - Stopped by Brian Boucher without a rebound.
3:29 of 2nd period - Evgeni Malkin wins face-off versus Marcel Goc in Lightning zone.
3:38 of 2nd period - Shot by Evgeni Malkin.
3:38 of 2nd period - Stopped by Brian Boucher without a rebound.
3:39 of 2nd period - Joel Perrault wins face-off versus Tomas Plekanec in Lightning zone.
3:39 of 2nd period - Drew Doughty is hit by Andy Sutton and loses puck.
3:44 of 2nd period - Shot by Adam Hall.
3:44 of 2nd period - Shot Misses the Net.
3:54 of 2nd period - Joel Perrault is hit by Tomas Plekanec and loses puck.
4:08 of 2nd period - D.J. King is hit by Andy Sutton and loses puck.
4:46 of 2nd period - Icing by Marek Zidlicky.
4:47 of 2nd period - Paul Stastny wins face-off versus Mike Fisher in Lightning zone.
4:47 of 2nd period - Martin Havlat is hit by Jordin Tootoo and loses puck.
4:52 of 2nd period - Shot by Kris Versteeg.
4:52 of 2nd period - Shot Blocked by Marek Zidlicky.
4:54 of 2nd period - Shot by Mike Fisher.
4:54 of 2nd period - Shot Blocked by Josh Gorges.
4:56 of 2nd period - Shot by Mike Fisher.
4:56 of 2nd period - Shot Blocked by Josh Gorges.
5:47 of 2nd period - Icing by Drew Doughty.
5:48 of 2nd period - Vincent Lecavalier wins face-off versus R.J. Umberger in MapleLeafs zone.
6:17 of 2nd period - Off-side.
6:18 of 2nd period - Marcel Goc wins face-off versus Mike Grier in neutral zone.
7:36 of 2nd period - Shot by Martin Havlat.
7:36 of 2nd period - Stopped by Mark Dekanich without a rebound.
7:37 of 2nd period - Tomas Plekanec wins face-off versus Vincent Lecavalier in MapleLeafs zone.
7:42 of 2nd period - Shot by Tomas Plekanec.
7:42 of 2nd period - Stopped by Mark Dekanich without a rebound.
7:43 of 2nd period - R.J. Umberger wins face-off versus Vincent Lecavalier in MapleLeafs zone.
8:16 of 2nd period - Shot by Patrick Kane.
8:16 of 2nd period - Stopped by Mark Dekanich without a rebound.
8:17 of 2nd period - Mike Grier wins face-off versus Paul Stastny in MapleLeafs zone.
9:03 of 2nd period - Josh Gorges is hit by Shawn Thornton and loses puck.
9:34 of 2nd period - Shot by Marcel Goc.
9:34 of 2nd period - Goal by Marcel Goc - MapleLeafs : 1 - Lightning : 3.
9:35 of 2nd period - Tomas Plekanec wins face-off versus Vincent Lecavalier in neutral zone.
10:09 of 2nd period - Tomas Plekanec is hit by Greg Zanon and loses puck.
10:18 of 2nd period - Brent Seabrook is hit by Vincent Lecavalier.
10:35 of 2nd period - Kris Versteeg is hit by Brent Seabrook and loses puck.
11:52 of 2nd period - Shot by Patrick Sharp.
11:52 of 2nd period - Stopped by Mark Dekanich without a rebound.
11:53 of 2nd period - Paul Stastny wins face-off versus Joel Perrault in MapleLeafs zone.
12:03 of 2nd period - Shot by Martin Havlat.
12:03 of 2nd period - Shot Misses the Net.
12:14 of 2nd period - Shot by Patrick Sharp.
12:14 of 2nd period - Stopped by Mark Dekanich without a rebound.
12:15 of 2nd period - R.J. Umberger wins face-off versus Vernon Fiddler in MapleLeafs zone.
12:39 of 2nd period - Shot by Jay Harrison.
12:39 of 2nd period - Stopped by Brian Boucher without a rebound.
12:40 of 2nd period - Vincent Lecavalier wins face-off versus Marcel Goc in Lightning zone.
12:59 of 2nd period - Barret Jackman is hit by Drew Doughty and loses puck.
13:17 of 2nd period - Shot by Evgeni Malkin.
13:17 of 2nd period - Shot Blocked by Barret Jackman.
13:19 of 2nd period - Shot by Vincent Lecavalier.
13:19 of 2nd period - Stopped by Brian Boucher with a rebound.
13:28 of 2nd period - John Erskine is hit by Shawn Thornton and loses puck.
14:14 of 2nd period - Icing by Josh Gorges.
14:15 of 2nd period - Paul Stastny wins face-off versus Mike Fisher in Lightning zone.
14:15 of 2nd period - Paul Stastny is hit by Jordin Tootoo.
14:20 of 2nd period - Marek Zidlicky is hit by Jordin Tootoo and loses puck.
14:30 of 2nd period - Martin Havlat is hit by Matt Greene and loses puck.
14:41 of 2nd period - Shot by Patrick Sharp.
14:41 of 2nd period - Stopped by Mark Dekanich with a rebound.
14:56 of 2nd period - Paul Stastny is hit by Matt Greene and loses puck.
15:25 of 2nd period - Shot by Drew Doughty.
15:25 of 2nd period - Shot Hit the Post.
15:27 of 2nd period - Shot by Vincent Lecavalier.
15:27 of 2nd period - Goal by Vincent Lecavalier - MapleLeafs : 2 - Lightning : 3.
15:28 of 2nd period - Joel Perrault wins face-off versus Tomas Plekanec in neutral zone.
15:28 of 2nd period - Drew Doughty is hit by Andy Sutton and loses puck.
15:39 of 2nd period - Shot by Patrick Kane.
15:39 of 2nd period - Stopped by Mark Dekanich with a rebound.
15:40 of 2nd period - Minor Penalty to Drew Doughty for Slashing.
15:41 of 2nd period - Tomas Plekanec wins face-off versus Patrick Marleau in MapleLeafs zone.
16:52 of 2nd period - Shot by Paul Stastny.
16:52 of 2nd period - Stopped by Mark Dekanich with a rebound.
16:54 of 2nd period - Shot by Paul Stastny.
16:54 of 2nd period - Shot Misses the Net.
16:56 of 2nd period - Shot by Andrej Meszaros.
16:56 of 2nd period - Stopped by Mark Dekanich with a rebound.
17:16 of 2nd period - Shot by Patrick Kane.
17:16 of 2nd period - Stopped by Mark Dekanich without a rebound.
17:17 of 2nd period - Evgeni Malkin wins face-off versus R.J. Umberger in MapleLeafs zone.
17:36 of 2nd period - Shot by R.J. Umberger.
17:36 of 2nd period - Shot Blocked by Matt Greene.
17:38 of 2nd period - Shot by Andy Sutton.
17:38 of 2nd period - Shot Misses the Net.
17:56 of 2nd period - Shot by Shawn Thornton.
17:56 of 2nd period - Shot Misses the Net.
18:00 of 2nd period - Shot by Mike Grier.
18:00 of 2nd period - Shot Misses the Net.
18:05 of 2nd period - Shot by Jay Harrison.
18:05 of 2nd period - Stopped by Brian Boucher without a rebound.
18:06 of 2nd period - R.J. Umberger wins face-off versus Joel Perrault in Lightning zone.
18:13 of 2nd period - Evgeni Malkin is hit by Martin St. Louis and loses puck.
19:20 of 2nd period - Shot by Marcel Goc.
19:20 of 2nd period - Stopped by Mark Dekanich without a rebound.
19:21 of 2nd period - Mike Fisher wins face-off versus Paul Stastny in MapleLeafs zone.
19:40 of 2nd period - Shot by Martin Havlat.
19:40 of 2nd period - Shot Misses the Net.
19:44 of 2nd period - Shot by Martin Havlat.
19:44 of 2nd period - Shot Misses the Net.

Period #3

0:01 of 3rd period - Vincent Lecavalier wins face-off versus Tomas Plekanec in neutral zone.
0:14 of 3rd period - Shot by Patrick Marleau.
0:14 of 3rd period - Stopped by Brian Boucher with a rebound.
0:18 of 3rd period - Shot by Drew Doughty.
0:18 of 3rd period - Shot Blocked by Andy Sutton.
0:22 of 3rd period - Shot by Evgeni Malkin.
0:22 of 3rd period - Stopped by Brian Boucher with a rebound.
0:26 of 3rd period - Shot by Evgeni Malkin.
0:26 of 3rd period - Deflect By Vincent Lecavalier.
0:26 of 3rd period - Shot Misses the Net.
0:28 of 3rd period - Shot by Evgeni Malkin.
0:28 of 3rd period - Deflect By Vincent Lecavalier.
0:28 of 3rd period - Shot Blocked by Andy Sutton.
0:30 of 3rd period - Shot by Evgeni Malkin.
0:30 of 3rd period - Shot Misses the Net.
0:32 of 3rd period - Shot by Patrick Marleau.
0:32 of 3rd period - Stopped by Brian Boucher without a rebound.
0:33 of 3rd period - Paul Stastny wins face-off versus Jordin Tootoo in Lightning zone.
0:38 of 3rd period - Shot by Martin Havlat.
0:38 of 3rd period - Stopped by Mark Dekanich without a rebound.
0:39 of 3rd period - Vernon Fiddler wins face-off versus Teddy Purcell in MapleLeafs zone.
0:55 of 3rd period - Shot by Vernon Fiddler.
0:55 of 3rd period - Stopped by Brian Boucher with a rebound.
1:09 of 3rd period - Jay Harrison is hit by Marcel Goc.
1:10 of 3rd period - Icing by Jay Harrison.
1:11 of 3rd period - Paul Stastny wins face-off versus Vernon Fiddler in MapleLeafs zone.
1:15 of 3rd period - Icing by Andrew Alberts.
1:16 of 3rd period - Vernon Fiddler wins face-off versus Martin St. Louis in MapleLeafs zone.
1:23 of 3rd period - Shot by Vernon Fiddler.
1:23 of 3rd period - Shot Blocked by Andrej Meszaros.
1:25 of 3rd period - Shot by Vernon Fiddler.
1:25 of 3rd period - Shot Misses the Net.
1:57 of 3rd period - Shot by Vincent Lecavalier.
1:57 of 3rd period - Shot Blocked by Andrej Meszaros.
2:01 of 3rd period - Shot by Patrick Marleau.
2:01 of 3rd period - Shot Misses the Net.
2:50 of 3rd period - Off-side.
2:51 of 3rd period - Marcel Goc wins face-off versus Mike Fisher in neutral zone.
2:56 of 3rd period - Shot by Marcel Goc.
2:56 of 3rd period - Shot Blocked by Kyle Cumiskey.
2:58 of 3rd period - Shot by Nick Spaling.
2:58 of 3rd period - Shot Blocked by Kyle Cumiskey.
3:00 of 3rd period - Shot by Nick Spaling.
3:00 of 3rd period - Stopped by Mark Dekanich without a rebound.
3:01 of 3rd period - Vernon Fiddler wins face-off versus Marcel Goc in MapleLeafs zone.
3:01 of 3rd period - Vernon Fiddler is hit by John Erskine.
3:11 of 3rd period - Shot by Shawn Thornton.
3:11 of 3rd period - Stopped by Brian Boucher without a rebound.
3:12 of 3rd period - Paul Stastny wins face-off versus Mike Fisher in Lightning zone.
3:47 of 3rd period - Shot by Patrick Sharp.
3:47 of 3rd period - Shot Misses the Net.
4:35 of 3rd period - Icing by John Erskine.
4:36 of 3rd period - Vincent Lecavalier wins face-off versus Marcel Goc in Lightning zone.
5:15 of 3rd period - Shot by Tomas Plekanec.
5:15 of 3rd period - Deflect By Patrick Kane.
5:15 of 3rd period - Shot Misses the Net.
5:59 of 3rd period - Icing by Kyle Cumiskey.
6:00 of 3rd period - Mike Fisher wins face-off versus Paul Stastny in MapleLeafs zone.
6:13 of 3rd period - Patrick Sharp is hit by Mike Fisher and loses puck.
6:17 of 3rd period - Icing by Josh Gorges.
6:18 of 3rd period - Vernon Fiddler wins face-off versus Paul Stastny in Lightning zone.
6:52 of 3rd period - Minor Penalty to Shawn Thornton for High sticking.
6:53 of 3rd period - Patrick Marleau wins face-off versus Tomas Plekanec in MapleLeafs zone.
8:27 of 3rd period - Shot by Vincent Lecavalier.
8:27 of 3rd period - Stopped by Brian Boucher without a rebound.
8:28 of 3rd period - Patrick Marleau wins face-off versus Patrick Sharp in Lightning zone.
9:00 of 3rd period - Shot by Teddy Purcell.
9:00 of 3rd period - Stopped by Mark Dekanich with a rebound.
9:21 of 3rd period - Shot by Shawn Thornton.
9:21 of 3rd period - Stopped by Brian Boucher with a rebound.
9:23 of 3rd period - Shot by Mike Grier.
9:23 of 3rd period - Shot Blocked by Marcel Goc.
10:48 of 3rd period - Shot by Patrick Sharp.
10:48 of 3rd period - Stopped by Mark Dekanich without a rebound.
10:49 of 3rd period - Tomas Plekanec wins face-off versus Vernon Fiddler in MapleLeafs zone.
11:18 of 3rd period - Shot by Martin St. Louis.
11:18 of 3rd period - Stopped by Mark Dekanich without a rebound.
11:19 of 3rd period - Vincent Lecavalier wins face-off versus Marcel Goc in MapleLeafs zone.
13:06 of 3rd period - Shot by Tomas Plekanec.
13:06 of 3rd period - Stopped by Mark Dekanich without a rebound.
13:07 of 3rd period - Marcel Goc wins face-off versus Vernon Fiddler in MapleLeafs zone.
13:07 of 3rd period - Marcel Goc is hit by Andrew Alberts.
13:14 of 3rd period - Icing by Andrew Alberts.
13:15 of 3rd period - Mike Grier wins face-off versus R.J. Umberger in MapleLeafs zone.
13:26 of 3rd period - Shot by Shawn Thornton.
13:26 of 3rd period - Shot Misses the Net.
13:27 of 3rd period - Minor Penalty to Shawn Thornton for Interference.
13:28 of 3rd period - Evgeni Malkin wins face-off versus Paul Stastny in MapleLeafs zone.
13:30 of 3rd period - Kris Versteeg is hit by Paul Stastny and loses puck.
13:53 of 3rd period - Kyle Cumiskey is hit by Paul Stastny and loses puck.
14:37 of 3rd period - Tomas Plekanec is hit by Patrick Marleau and loses puck.
15:40 of 3rd period - Shot by Marcel Goc.
15:40 of 3rd period - Shot Blocked by Vernon Fiddler.
15:42 of 3rd period - Shot by Nick Spaling.
15:42 of 3rd period - Stopped by Mark Dekanich without a rebound.
15:43 of 3rd period - R.J. Umberger wins face-off versus Mike Fisher in MapleLeafs zone.
15:55 of 3rd period - Shot by R.J. Umberger.
15:55 of 3rd period - Shot Misses the Net.
16:03 of 3rd period - Shot by Jordin Tootoo.
16:03 of 3rd period - Stopped by Brian Boucher with a rebound.
16:05 of 3rd period - Shot by Mike Fisher.
16:05 of 3rd period - Deflect By Vincent Lecavalier.
16:05 of 3rd period - Shot Misses the Net.
16:07 of 3rd period - Shot by Vincent Lecavalier.
16:07 of 3rd period - Shot Misses the Net.
17:12 of 3rd period - Mike Grier is hit by Nick Spaling and loses puck.
17:20 of 3rd period - Icing by Jay Harrison.
17:21 of 3rd period - Paul Stastny wins face-off versus Vernon Fiddler in MapleLeafs zone.
17:41 of 3rd period - Shawn Thornton is hit by Marek Zidlicky and loses puck.
18:28 of 3rd period - Shot by Kris Versteeg.
18:28 of 3rd period - Stopped by Brian Boucher without a rebound.
18:29 of 3rd period - Tomas Plekanec wins face-off versus Mike Fisher in Lightning zone.
18:46 of 3rd period - Shot by Patrick Kane.
18:46 of 3rd period - Stopped by Mark Dekanich with a rebound.
19:58 of 3rd period - MapleLeafs, Mark Dekanich is pulled from the net.


Output by the SimonT Hockey Simulator (STHS) for Stephane Roy -- Original Page W3C XHTML 1.0 Valid